Workbook

Sheet A. Sales Record
A1: ProdID | B1: Price | C1: Salesperson | D1: SaleMonth | E1: Region | F1: UnitsSold | G1: Sub Total | H1: Discount | I1: Order Total
A2: A | B2: =VLOOKUP(A2,'B. Summary'!$B$8:$E$10,4,FALSE) -> 55 | C2: Charlene | D2: March | E2: Midwest | F2: 28 | G2: =B2*F2 -> 1540 | H2: =IF(E2="West",G2*8%,IF(D2="December",G2*10%,0)) -> 0 | I2: =G2-H2 -> 1540
A3: A | B3: =VLOOKUP(A3,'B. Summary'!$B$8:$E$10,4,FALSE) -> 55 | C3: Jae | D3: April | E3: Midwest | F3: 18 | G3: =B3*F3 -> 990 | H3: =IF(E3="West",G3*8%,IF(D3="December",G3*10%,0)) -> 0 | I3: =G3-H3 -> 990
A4: A | B4: =VLOOKUP(A4,'B. Summary'!$B$8:$E$10,4,FALSE) -> 55 | C4: Jae | D4: April | E4: Midwest | F4: 18 | G4: =B4*F4 -> 990 | H4: =IF(E4="West",G4*8%,IF(D4="December",G4*10%,0)) -> 0 | I4: =G4-H4 -> 990
A5: A | B5: =VLOOKUP(A5,'B. Summary'!$B$8:$E$10,4,FALSE) -> 55 | C5: Jason | D5: June | E5: Midwest | F5: 6 | G5: =B5*F5 -> 330 | H5: =IF(E5="West",G5*8%,IF(D5="December",G5*10%,0)) -> 0 | I5: =G5-H5 -> 330
A6: A | B6: =VLOOKUP(A6,'B. Summary'!$B$8:$E$10,4,FALSE) -> 55 | C6: John | D6: December | E6: Midwest | F6: 6 | G6: =B6*F6 -> 330 | H6: =IF(E6="West",G6*8%,IF(D6="December",G6*10%,0)) -> 33 | I6: =G6-H6 -> 297
A7: A | B7: =VLOOKUP(A7,'B. Summary'!$B$8:$E$10,4,FALSE) -> 55 | C7: Julio | D7: January | E7: Midwest | F7: 14 | G7: =B7*F7 -> 770 | H7: =IF(E7="West",G7*8%,IF(D7="December",G7*10%,0)) -> 0 | I7: =G7-H7 -> 770
A8: A | B8: =VLOOKUP(A8,'B. Summary'!$B$8:$E$10,4,FALSE) -> 55 | C8: Julio | D8: September | E8: Midwest | F8: 18 | G8: =B8*F8 -> 990 | H8: =IF(E8="West",G8*8%,IF(D8="December",G8*10%,0)) -> 0 | I8: =G8-H8 -> 990
A9: A | B9: =VLOOKUP(A9,'B. Summary'!$B$8:$E$10,4,FALSE) -> 55 | C9: Peter | D9: April | E9: Midwest | F9: 30 | G9: =B9*F9 -> 1650 | H9: =IF(E9="West",G9*8%,IF(D9="December",G9*10%,0)) -> 0 | I9: =G9-H9 -> 1650
A10: A | B10: =VLOOKUP(A10,'B. Summary'!$B$8:$E$10,4,FALSE) -> 55 | C10: Peter | D10: May | E10: Midwest | F10: 12 | G10: =B10*F10 -> 660 | H10: =IF(E10="West",G10*8%,IF(D10="December",G10*10%,0)) -> 0 | I10: =G10-H10 -> 660
A11: A | B11: =VLOOKUP(A11,'B. Summary'!$B$8:$E$10,4,FALSE) -> 55 | C11: Peter | D11: January | E11: Midwest | F11: 16 | G11: =B11*F11 -> 880 | H11: =IF(E11="West",G11*8%,IF(D11="December",G11*10%,0)) -> 0 | I11: =G11-H11 -> 880
A12: A | B12: =VLOOKUP(A12,'B. Summary'!$B$8:$E$10,4,FALSE) -> 55 | C12: Peter | D12: October | E12: Midwest | F12: 6 | G12: =B12*F12 -> 330 | H12: =IF(E12="West",G12*8%,IF(D12="December",G12*10%,0)) -> 0 | I12: =G12-H12 -> 330
A13: A | B13: =VLOOKUP(A13,'B. Summary'!$B$8:$E$10,4,FALSE) -> 55 | C13: Samuel | D13: February | E13: Midwest | F13: 12 | G13: =B13*F13 -> 660 | H13: =IF(E13="West",G13*8%,IF(D13="December",G13*10%,0)) -> 0 | I13: =G13-H13 -> 660
... A603: C | B603: =VLOOKUP(A603,'B. Summary'!$B$8:$E$10,4,FALSE) -> 33 | C603: Vivian | D603: August | E603: South | F603: 15 | G603: =B603*F603 -> 495 | H603: =IF(E603="West",G603*8%,IF(D603="December",G603*10%,0)) -> 0 | I603: =G603-H603 -> 495

Sheet B. Summary
G2: Your name: | H2: Your name here!
A3: Overall Percentage of Sale Increase in 2018 by Unit: | D3: 0.14 | G3: Last 3 digits of your Student id: | H3: 0
G4: Section:
C6: 2018 | D6: 2019 | G6: 2019 Forecast
A7: Revenue | C7: Unit Sold | D7: Estimated Unit Sold | E7: Unit Price | F7: Unit Cost | G7: Revenue | H7: Costs of Good Sold
A8: Product | B8: A | C8: =3009 -> 3009 | D8: =C8*(1+$D$3) -> 3430.26 | E8: 55 | F8: 43 | G8: =D8*E8 -> 188664.3 | H8: =D8*F8 -> 147501.18
A9: Product | B9: B | C9: 4500 | D9: =C9*(1+$D$3) -> 5130 | E9: 45 | F9: 30 | G9: =D9*E9 -> 230850 | H9: =D9*F9 -> 153900
A10: Product | B10: C | C10: 2300 | D10: =C10*(1+$D$3) -> 2622 | E10: 33 | F10: 25 | G10: =D10*E10 -> 86526 | H10: =D10*F10 -> 65550
B12: 2019 Forecast:
B13: Total Revenue | D13: =SUM(G8:G10) -> 506040.3
B14: Total COGS | D14: =SUM(H8:H10) -> 366951.18
B15: Gross Profit | D15: =D13-D14 -> 139089.12
A18: Operating Expenses
B19: Salaries | D19: =12%*D13 -> 60724.836
B20: Advertising | D20: =4%*D13 -> 20241.612
B21: Miscellaneous | D21: =1%*D13 -> 5060.403
A22: Total Operating Expenses | D22: =SUM(D19:D21) -> 86026.851
A24: Earnings Before Taxes | D24: =D15-D22 -> 53062.269
A25: Taxes | D25: =25%*D24 -> 13265.567
A26: Net Profit | D26: =D24-D25 -> 39796.702

Sheet C. Pivot Table
A1: Q: What are your three major findings from this pivot table?
A2: Answer:
A3: 1. Product B was the most sold product then A and C respectively
A4: 2. Product B generated the highest revenues of the 3 products prior to applying discounts
A5: 3. Product A had the highest order count of the three products
A8: A pivot table describing the number and value of the 3 products sold
A10: (Place your pivot table in A11. )
A11: Row Labels | B11: Sum of UnitsSold | C11: Sum of Sub Total | D11: Count of UnitsSold2
A12: A | B12: 3009 | C12: 165495 | D12: 260
A13: B | B13: 4500 | C13: 202500 | D13: 225
A14: C | B14: 2300 | C14: 75900 | D14: 117
A15: Grand Total | B15: 9809 | C15: 443895 | D15: 602

Sheet D. Business Graph
A1: Depict a 3-D Pie Chart Showing the Percentage of Each Product's Contribution to the Total Profitability (Based on Gross Profit, Not revenue)
A2: Use the data in the "Original Data" worksheet
C3: 2019 Profit in Dollar Amount
B4: Product A | C4: ='B. Summary'!G8-'B. Summary'!H8 -> 41163.12 | D4: =C4/SUM($C$4:$C$6) -> 0.29594781
B5: Product B | C5: ='B. Summary'!G9-'B. Summary'!H9 -> 76950 | D5: =C5/SUM($C$4:$C$6) -> 0.55324241
B6: Product C | C6: ='B. Summary'!G10-'B. Summary'!H10 -> 20976 | D6: =C6/SUM($C$4:$C$6) -> 0.15080978
B8: Place your 3D pie chart below. Showing % in the pie

Sheet E. Goal Seeking
A2: (The target unit sold here might be different than what you had in B. Summary, which is alright.)
B4: Target Unit Sold | C4: Unit Price | D4: Unit Cost | E4: Revenue | F4: Cost of Goods Sold
A5: Product A | B5: 3762 | C5: 55 | D5: 43 | E5: =B5*C5 -> 206910 | F5: =B5*D5 -> 161766
A6: Product B | B6: 8805.3333 | C6: 45 | D6: 30 | E6: =B6*C6 -> 396240 | F6: =B6*D6 -> 264160
A7: Product C | B7: 2847 | C7: 33 | D7: 25 | E7: =B7*C7 -> 93951 | F7: =B7*D7 -> 71175
C9: Total Revenue | F9: =SUM(E5:E7) -> 697101
C10: Total COGS | F10: =SUM(F5:F7) -> 497101
C11: Total Gross Profit | F11: =F9-F10 -> 200000
H13: Product B Units Sold
F14: Goal 1: $150,000 Total Gross Profit | H14: 5472
F15: Goal 2: $200,000 Total Gross Profit | H15: 8805.3333

Sheet F. Scenario Question
A1: Analyzing the Product Pricing Mix using Scenario Manager
A3: Perform the scenario analysis based on the data in the table below
A4: (The target unit sold here might be different than what you had in B. Summary, which is alright.)
B6: Target Unit Sold | C6: Unit Price | D6: Unit Cost | E6: Revenue | F6: Cost of Goods Sold
A7: Product A | B7: 3673 | C7: 55 | D7: 43 | E7: =B7*C7 -> 202015 | F7: =B7*D7 -> 157939
A8: Product B | B8: 4980 | C8: 48 | D8: 30 | E8: =B8*C8 -> 239040 | F8: =B8*D8 -> 149400
A9: Product C | B9: 2472 | C9: 36 | D9: 25 | E9: =B9*C9 -> 88992 | F9: =B9*D9 -> 61800
D11: Total Revenue | F11: =SUM(E7:E9) -> 530047
D12: Total COGS | F12: =SUM(F7:F9) -> 369139
D13: Total Gross Profit | F13: =F11-F12 -> 160908
A15: Questions: which scenario will you choose for 2019? And why?
A16: Answer: I would recommend that the management choses scenario 1.
A17: Scenario 1 has the product B price set at $51, sales of product B at 4530 and sales of product C at 3122. I recommend this scenario since it yields the highest revenues ($545,437) and the second least cost of goods sold ($371,889) thereby yielding the highest gross profit ($173,548)

Sheet Scenario Summary
B2: Scenario Summary
D3: Current Values: | E3: Scenerio 1 | F3: Scenario 2 | G3: Scenario 3
E4: S1 | F4: s2 | G4: s3
B5: Changing Cells:
C6: $C$8 | D6: 48 | E6: 51 | F6: 48 | G6: 48
C7: $B$8 | D7: 4980 | E7: 4530 | F7: 5330 | G7: 4980
C8: $B$9 | D8: 2472 | E8: 3122 | F8: 2272 | G8: 2472
C9: $C$9 | D9: 36 | E9: 36 | F9: 37 | G9: 36
B10: Result Cells:
C11: $F$11 | D11: 530047 | E11: 545437 | F11: 541919 | G11: 530047
C12: $F$12 | D12: 369139 | E12: 371889 | F12: 374639 | G12: 369139
C13: $F$13 | D13: 160908 | E13: 173548 | F13: 167280 | G13: 160908
B14: Notes: Current Values column represents values of changing cells at
B15: time Scenario Summary Report was created. Changing cells for each
B16: scenario are highlighted in gray.

Sheet Sheet2
A1: Scenerio 1
B2: Target Unit Sold | C2: Unit Price | D2: Unit Cost | E2: Revenue | F2: Cost of Goods Sold
A3: Product A | B3: 3673 | C3: 55 | D3: 43 | E3: 202015 | F3: 157939
A4: Product B | B4: 4530 | C4: 51 | D4: 30 | E4: 231030 | F4: 135900
A5: Product C | B5: 3122 | C5: 33 | D5: 25 | E5: 103026 | F5: 78050
D7: Total Revenue | F7: 536071
D8: Total COGS | F8: 371889
D9: Total Gross Profit | F9: 164182
A12: Scenario 2
B13: Target Unit Sold | C13: Unit Price | D13: Unit Cost | E13: Revenue | F13: Cost of Goods Sold
A14: Product A | B14: 3673 | C14: 55 | D14: 43 | E14: 202015 | F14: 157939
A15: Product B | B15: 5330 | C15: 45 | D15: 30 | E15: 239850 | F15: 159900
A16: Product C | B16: 2272 | C16: 37 | D16: 25 | E16: 84064 | F16: 56800
D18: Total Revenue | F18: 525929
D19: Total COGS | F19: 374639
D20: Total Gross Profit | F20: 151290
A22: Scenario 3
B23: Target Unit Sold | C23: Unit Price | D23: Unit Cost | E23: Revenue | F23: Cost of Goods Sold
A24: Product A | B24: 3673 | C24: 55 | D24: 43 | E24: 202015 | F24: 157939
A25: Product B | B25: 4980 | C25: 48 | D25: 30 | E25: 239040 | F25: 149400
A26: Product C | B26: 2472 | C26: 36 | D26: 25 | E26: 88992 | F26: 61800
D28: Total Revenue | F28: 530047
D29: Total COGS | F29: 369139
D30: Total Gross Profit | F30: 160908
